 Dungeon Crawl Stone Soup version 0.31-a0-702-gf82c85558f (webtiles) character file.

Game seed: 2457330643971510204

42 qw the Shooter (level 3, 0/22 HPs)
             Began as a Gargoyle Hunter on Sept 7, 2023.
             Slain by a gnoll
             ... wielding a +0 flail
              (5 damage)
             ... on level 2 of the Dungeon.
             The game lasted 00:00:21 (554 turns).

qw the Shooter (Gargoyle Hunter)                     Turns: 554, Time: 00:00:22

Health: 0/22       AC:  6    Str: 14    XL:     3   Next: 54%
Magic:  3/3        EV: 12    Int:  9    God:
Gold:   69         SH:  0    Dex: 21    Spells: 2/2 levels left

rFire   . . .        Y - +0 shortbow
rCold   . . .        (shield currently unavailable)
rNeg    + . .        c - +0 leather armour
rPois   inf          (no helmet)
rElec   +            (no cloak)
rCorr   .            (no gloves)
SInv    .            (no boots)
Will    .....        (no amulet)
Stlth   ++           d - +6 ring of dexterity
HPRegen 0.23/turn    (no ring)
MPRegen 0.08/turn

%: no passive effects
@: no status effects
A: sickness immunity, AC +3, negative energy resistance 1, electricity
resistance, torment resistance 1, petrification resistance
a: no special abilities


You were on level 2 of the Dungeon.
You visited 1 branch of the dungeon, and saw 2 of its levels.

You collected 69 gold pieces.


Innate Abilities, Weirdness & Mutations

You are immune to sickness and miasma.
Your stone body is resilient. (AC +3)
You are immune to poison.
You resist negative energy. (rN+)
You are resistant to electric shocks. (rElec)
You are resistant to unholy torment.
You are immune to petrification.


   Skills:
 + Level 2.5 Fighting
 - Level 5.1 Ranged Weapons
 - Level 1.5 Dodging
 - Level 1.1 Stealth


You had 2 spell levels left.
You didn't know any spells.
Your spell library was empty.

Inventory:

Hand Weapons
 Y - a +0 shortbow (weapon)
Armour
 c - a +0 leather armour (worn)
 e - a +0 ring mail
Jewellery
 d - a +6 ring of dexterity (left hand)
Scrolls
 b - a scroll of fear {unknown}
Potions
 a - a potion of ambrosia {unknown}
 f - a potion of enlightenment {unknown}
 h - 2 potions of lignification {unknown}
 i - a potion of degeneration {unknown}

Dungeon Overview and Level Annotations

Branches:
Dungeon (2/15)

Altars:


Message History

You kill the endoplasm!
You now have 69 gold pieces (gained 13).
Found a ring mail.
A gnoll comes into view. It is wielding a +0 whip.
You shoot an arrow. The arrow hits the gnoll!
The gnoll is severely wounded.
You shoot an arrow. The arrow hits the gnoll.
The gnoll is almost dead.
You hear a shout!
A gnoll comes into view. It is wielding a +0 flail.
You shoot an arrow. The arrow hits the gnoll.
The gnoll is heavily wounded.
A gnoll and a rat come into view.
You shoot an arrow.
The arrow hits the gnoll but does no damage.
The gnoll is heavily wounded.
A gnoll comes into view. It is wielding a +2 heavy flail.
The gnoll completely misses you.
A gnoll comes into view. It is wielding a +0 spear.
The gnoll completely misses you. The gnoll hits you with a +0 flail!
Enter note:
Enter note:
551 |||
Found retreat position at 2,-1 (floor) with 0 blocking monsters and 2 monsters attacking at destination at distance 2
Enter note:
Enter note:
551 ||| Stepping ~*~*~tactically~*~*~ (retreating).
The rat twitches its whiskers.
Enter note:
Enter note:
552 |||
Found retreat position at 1,0 (floor) with 0 blocking monsters and 2 monsters attacking at destination at distance 1
552 ||| Stepping ~*~*~tactically~*~*~ (retreating).
The gnoll attacks as it pursues you! The gnoll hits you with a +0 flail!
You shoot an arrow. The arrow closely misses the gnoll.
The arrow barely misses the gnoll.
The arrow hits the rat.
You kill the rat!
The gnoll hits you with a +0 flail.
You shoot an arrow. The arrow hits the gnoll.
The gnoll is almost dead.
The gnoll hits you with a +0 flail.
You die...

.. .... .. .. .. ) ....
..#.#.# .####..# #.#...#
.......####.#[..
................ #
...............###.#
...........g..gg@..#
.....<.....g...#######
.............#.......##
.............#.#......##
###.##.......#.#.......###
#.).....####.#.........
###...### #.##......##
#...# #........## #...#
#####.##.##


You could see 4 gnolls.

Vanquished Creatures
  An adder (D:2)
  2 dart slugs (D:1)
  2 bats (D:1)
  2 endoplasms (D:2)
  A giant cockroach (D:1)
  4 goblins
  A hobgoblin (D:1)
  2 quokkas
  7 ball pythons
  A frilled lizard (D:2)
  3 kobolds (D:1)
  4 rats
30 creatures vanquished.

Notes
Turn   | Place    | Note
-------+----------+-------------------------------------------
     0 | D:1      | qw the Gargoyle Hunter began the quest for the Orb.
     0 | D:1      | Reached XP level 1. HP: 12/12 MP: 1/1
     0 | D:1      | 0 ||| qw: Version: 0.3-a-76-g4403597
     0 | D:1      | 0 ||| qw: Game counter: 804
     0 | D:1      | 0 ||| qw: Melee chars always use a shield: true
     0 | D:1      | 0 ||| qw: God list: Okawaru
     0 | D:1      | 0 ||| qw: Allow faded altars: false
     0 | D:1      | 0 ||| qw: Do Orc after clearing Dungeon:15 true
     0 | D:1      | 0 ||| qw: Do second Lair branch before Depths: true
     0 | D:1      | 0 ||| qw: Lair rune preference: random
     0 | D:1      | 0 ||| qw: Goals: Normal
     0 | D:1      | 0 ||| PLANNING D:1-11
    52 | D:1      | Reached XP level 2. HP: 17/17 MP: 2/2
   343 | D:1      | 343 ||| UPGRADING to +6 ring of dexterity.
   344 | D:1      | 344 ||| READING scroll labelled IZXOUDAPLIALA.
   345 | D:1      | 345 ||| READING scroll labelled ESCHED RESM.
   350 | D:1      | 350 ||| READING scroll labelled AHEISKINLUHIT.
   351 | D:1      | 351 ||| DROPPING scroll of butterflies.
   367 | D:2      | Reached XP level 3. HP: 21/21 MP: 3/3
   369 | D:2      | Reached skill level 5 in Ranged Weapons
   551 | D:2      | 551 ||| Stepping ~*~*~tactically~*~*~ (retreating).
   552 | D:2      | 552 ||| Stepping ~*~*~tactically~*~*~ (retreating).
   553 | D:2      | HP: 5/22 [gnoll/+0 flail (2)]
   554 | D:2      | Slain by a gnoll

Levels and vault maps discovered:
D:1:      dpeg_arrival_tiny_a, layout_rooms
D:2:      layout_loops_cross, uniq_robin

Skill      XL: |  1  2  3 |
---------------+----------+-----
Ranged Weapons | 5 |  5.1
Fighting       | |  2.5
Dodging        | |  1.5
Stealth        | |  1.1

Action                     || total
---------------------------++-------
   Fire: Shortbow          ||    85
    Use: Scroll            ||     3
 Armour: Leather armour    ||    14
  Dodge: Dodged            ||    11

Table legend:
 A = Non-vault XP
 B = Vault XP
 C = Vault XP percentage of total XP
 D = Non-vault monster count
 E = Vault monster count
 F = Vault count percentage of total count
                 A         B        C        D         E       F
            +---------+---------+-------+---------+---------+-------
      Total |      58 |       2 |   3.3 |      29 |       1 |   3.3
            +---------+---------+-------+---------+---------+-------
        D:1 |      33 |       0 |   0.0 |      19 |       0 |   0.0
        D:2 |      25 |       2 |   7.4 |      10 |       1 |   9.1
            +---------+---------+-------+---------+---------+-------
